 Dungeon Crawl Stone Soup version 0.31-a0-466-g98c9adc2b6 (webtiles) character file.

Game seed: 18007628514906950198

46 Lorrdernie the Chiller (level 3, -1/24 HPs)
             Began as a Merfolk Ice Elementalist on Aug 6, 2023.
             Killed from afar by Sigmund (5 damage)
             ... with a puff of flame
             ... on level 2 of the Dungeon.
             The game lasted 00:02:24 (1305 turns).

Lorrdernie the Chiller (Merfolk Ice Elementalist)   Turns: 1305, Time: 00:02:25

Health: -1/24      AC:  4    Str:  8    XL:     3   Next: 68%
Magic:  6/6        EV: 12    Int: 16    God:
Gold:   76         SH:  0    Dex: 14    Spells: 2/6 levels left

rFire   . . .        g - +0 trident
rCold   . . .        (no shield)
rNeg    . . .        a - +0 robe
rPois   .            (no helmet)
rElec   .            (no cloak)
rCorr   .            (no gloves)
SInv    .            j - +1 pair of boots
Will    .....        (no amulet)
Stlth   +            (no ring)
HPRegen 0.24/turn    (no ring)
MPRegen 0.10/turn

%: no passive effects
@: confused, ambrosia-drunk
A: (nimble swimmer 2), mertail
a: no special abilities


You were on level 2 of the Dungeon.
You visited 1 branch of the dungeon, and saw 2 of its levels.

You collected 76 gold pieces.

Inventory:

Hand Weapons
 e - a +0 hand axe
 g - a +0 trident (weapon)
Missiles
 p - a throwing net
Armour
 a - a +0 robe (worn)
 j - a +1 pair of boots (worn)
Scrolls
 d - a scroll of immolation {unknown}
 f - a scroll of amnesia {unknown}
 i - 2 scrolls of identify {unknown}
 k - a scroll of noise {unknown}
 m - a scroll of silence {unknown}
 n - a scroll of blinking {unknown}
 o - a scroll of teleportation {unknown}
Potions
 b - 2 potions of magic
 c - a potion of curing {unknown}
 h - a potion of ambrosia
 l - a potion of mutation {unknown}


   Skills:
 + Level 1.3 Polearms
 - Level 2.6 Dodging
 - Level 2.1 Stealth
 + Level 2.3 Spellcasting
 * Level 5.4 Ice Magic


You had 2 spell levels left.
You knew the following spells:

 Your Spells              Type           Power      Damage    Failure   Level
a - Freeze                Ice            76%        1d8       2%          1
b - Frozen Ramparts       Ice            38%        1d6       7%          3

Your spell library contained the following spells:

 Spells                   Type           Power      Damage    Failure   Level
 Ozocubu's Armour         Ice            19%        N/A       7%          3
 Stone Arrow              Conj/Erth      2%         3d7       52%         3
 Summon Ice Beast         Ice/Summ       10%        N/A       54%         4
 Animate Armour           Summ/Erth      2%         N/A       89%         4
 Lehudib's Crystal Spear  Conj/Erth      0%         10d2      100%        8


Dungeon Overview and Level Annotations

Branches:
Dungeon (2/15)

Altars:
Fedhas

Shops:
D:1 =

Annotations:
D:2 1 runed translucent door, Crazy Yiuf, Sigmund


Innate Abilities, Weirdness & Mutations

((You are very nimble when in or above water. (Stealth+, EV+, Speed+++)))
Your lower body shifts to a powerful aquatic tail in water.


Message History

You freeze the adder.
You kill the adder!
No target in view!
You start resting.
Magic restored.
HP restored.
p - a throwing net
Found a dagger.
Things that are here:
a +0 whip; 3 stones You see here a +0 dagger.
You see here a +0 leather armour.
Sigmund the Dreaded comes into view.
He is wielding a +0 scythe.
Sigmund shouts!
You reach to attack!
You hit Sigmund.
Sigmund is lightly wounded.
Sigmund barely misses you.
You reach to attack!
You closely miss Sigmund.
Sigmund is lightly wounded.
Sigmund gestures wildly while chanting.
Sigmund flickers and vanishes!
Deactivating autopickup; reactivate with Ctrl-A.
No target in view!
No target in view!
You hear some strange, mumbled words.
You are confused.
You're too confused to cast spells.
Unknown command.
You miss something. Something hits you!
You bump into the rock wall.
Something hits you.
You miss something.
You're too confused to move!
Something hits you!
* * * LOW HITPOINT WARNING * * *
It was a potion of ambrosia.
You are more confused.
You feel invigorated.
You hear some strange, mumbled words.
A puff of flame appears from out of thin air!
The puff of flame hits you.
You die...

#...........#######.#.....
#>........................
#...........#########.....
#...........# #...#.....
#...........# #...#.....
#........(..# #...#.....
########.#.#...#.### #...#.....
#...<........#.#.##### #...#.....
######.#.#.....#@#...# #...#.....
#.#.#.#.###{#...###...#.....
#####.#.#.#.# #.#.........).....
#.....#.#.#.###.#...###......_..
#...............#...............
##.....#.#########.....#.........
........†.......####....###......
##.....#.####...# #....# #.....#
....##.#........# ♣....♣ #.....#


There were no monsters in sight!

Vanquished Creatures
  2 adders (D:2)
  6 ball pythons
  2 endoplasms
  2 goblins
  3 hobgoblins
  6 kobolds
  2 quokkas (D:1)
  A frilled lizard (D:2)
  3 rats
27 creatures vanquished.

Notes
Turn   | Place    | Note
-------+----------+-------------------------------------------
     0 | D:1      | Lorrdernie the Merfolk Ice Elementalist began the quest for
                  | the Orb.
     0 | D:1      | Reached XP level 1. HP: 13/13 MP: 3/3
   189 | D:1      | Reached XP level 2. HP: 12/19 MP: 5/5
   428 | D:1      | Reached skill level 5 in Ice Magic
   509 | D:1      | Found Aseadis's Jewellery Shoppe.
   920 | D:2      | Found a blossoming altar of Fedhas.
   928 | D:2      | Reached skill level 1 in Polearms
   928 | D:2      | Reached XP level 3. HP: 24/24 MP: 2/6
   932 | D:2      | Learned a level 3 spell: Frozen Ramparts
  1027 | D:2      | Found a runed translucent door.
  1028 | D:2      | Noticed Crazy Yiuf
  1295 | D:2      | Noticed Sigmund
  1304 | D:2      | HP: 1/24 [something (10)]
  1305 | D:2      | Killed from afar by Sigmund

Illustrated notes

Levels and vault maps discovered:
D:1:      scummos_arrival_hexagon, layout_loops_cross, serial_shops, shop
D:2:      layout_basic, basic_altar, uniq_crazy_yiuf_cottage, uniq_sigmund

Skill      XL: |  1  2 |
---------------+-------+-----
Ice Magic      | 5 |  5.4
Polearms       | 1 |  1.3
Dodging        | |  2.6
Stealth        | |  2.1
Spellcasting   | |  2.3

Action                     || total
---------------------------++-------
  Melee: Hand axe          ||     6
         Unarmed           ||     2
         Trident           ||    27
   Cast: Freeze            ||    26
    Use: Potion            ||     1
   Stab: Sleeping          ||     4
 Armour: Robe              ||     6
  Dodge: Dodged            ||    31

Table legend: (Time is in decaauts)
 A = Elapsed time spent in this place.
 B = Non-inter-level travel time spent in this place.
 C = Inter-level travel time spent in this place.
 D = Time resting spent in this place.
 E = Time spent auto-exploring this place.
 F = Levels seen in this place.
 G = Mean time per level.
                   A        B        C        D        E       F      G
               +--------+--------+--------+--------+--------+-----+--------+
         Total |   1313 |   1273 |     40 |    121 |    934 |   2 |  656.5 |
       Dungeon |   1313 |   1273 |     40 |    121 |    934 |   2 |  656.5 |
               +--------+--------+--------+--------+--------+-----+--------+

Top non-repeatable levels by time:
     D:1: 835 daAuts
     D:2: 478 daAuts
